 Dungeon Crawl Stone Soup version 0.23.2-40-g277498a001 (webtiles) character file.

Game seed: 7703997498719836934

2036130 OrcJesus the Slayer (level 27, 242/242 HPs)
             Began as a Demonspawn Fighter on Aug 6, 2019.
             Was the Champion of Okawaru.
             Escaped with the Orb
             ... and 4 runes on Aug 23, 2019!
             The game lasted 10:06:40 (102755 turns).

OrcJesus the Slayer (Demonspawn Fighter)          Turns: 102755, Time: 10:06:40

Health: 242/242    AC: 47    Str: 14    XL:     27
Magic:  29/29      EV: 18    Int: 22    God:    Okawaru [******]
Gold:   8136       SH: 26    Dex: 20    Spells: 22/26 levels left

rFire    + . .     SeeInvis +   t - +8 demon trident (pierce)
rCold    + + .     Gourm    .   b - +2 large shield {reflect}
rNeg     + . .     Faith    .   i - +12 gold dragon scales
rPois    +         Spirit   +   (helmet unavailable)
rElec    +         Reflect  +   T - +1 cloak {MR+}
rCorr    .         Harm     .   c - +2 pair of gloves "Jumarph" {rPois rC+ MR++}
MR       +++++                  L - +2 pair of boots {run}
Stlth    ++........             o - amulet of regeneration
HPRegen  0.90/turn              V - +3 ring of slaying
MPRegen  0.42/turn              v - ring "Otrad Qeyqem" {rElec rN+ Str-3 Dex+5 SInv}

@: quick
A: horns 3, agile 1, deterioration 1, low mp 1, nightstalker 3, augmentation 3,
magic shield, magic regeneration, magic link, subdued magic 1, sturdy frame 3
0: Orb of Zot
}: 4/15 runes: decaying, serpentine, silver, abyssal
a: Heroism, Finesse, Renounce Religion


You escaped.
You worshipped Okawaru.
Okawaru was exalted by your worship.
You were very full.

You visited 12 branches of the dungeon, and saw 54 of its levels.
You visited the Abyss 24 times.
You also visited: Trove.

You collected 11753 gold pieces.
You spent 3617 gold pieces at shops.

Inventory:

Hand Weapons
 t - a +8 demon trident of piercing (weapon)
Missiles
 y - 2 throwing nets (quivered)
Armour
 b - a +2 large shield of reflection (worn)
 c - the +2 pair of gloves "Jumarph" (worn) {rPois rC+ MR++}
   (Okawaru gifted it to you on level 1 of the Crypt)

   It protects you from cold.
   It protects you from poison.
   It affects your resistance to hostile enchantments.
 i - +12 gold dragon scales (worn)
 L - a +2 pair of boots of running (worn)
 N - the +3 pair of gauntlets of War {Slay+5}
   (You bought it in a shop on level 10 of the Dungeon)

   It affects your accuracy and damage with ranged weapons and melee attacks
   (+5).
 T - a +1 cloak of magic resistance (worn)
Jewellery
 l - an uncursed ring of fire
 o - an amulet of regeneration (around neck)
 v - the ring "Otrad Qeyqem" (right hand) {rElec rN+ Str-3 Dex+5 SInv}
   (You found it on level 1 of the Abyss)

   [ring of positive energy]

   It affects your strength (-3).
   It affects your dexterity (+5).
   It insulates you from electricity.
   It protects you from negative energy.
   It lets you see invisible.
 B - the ring "Loorizad" {rC+++ Int+2}
   (You took it off a deep elf annihilator on level 3 of the Elven Halls)

   [ring of intelligence]

   It affects your intelligence (+2).
   It renders you almost immune to cold.
 V - a +3 ring of slaying (left hand)
Wands
 m - a wand of acid (32)
 C - a wand of digging (6)
 R - a wand of clouds (5)
Scrolls
 g - 36 scrolls of teleportation
 r - 41 scrolls of identify
 u - 6 scrolls of blinking
 w - 3 scrolls of silence
 E - 11 scrolls of immolation
 G - 49 scrolls of remove curse
 H - 9 scrolls of fog
 K - 15 scrolls of fear
 S - 11 scrolls of magic mapping
Potions
 d - 9 potions of might
 e - 5 potions of flight
 j - 19 potions of heal wounds
 k - 12 potions of brilliance
 p - 26 potions of curing
 q - 6 potions of agility
 s - 10 potions of haste
 z - 9 potions of ambrosia
 F - 5 potions of invisibility
 I - 5 potions of cancellation
 U - 4 potions of resistance
 W - 13 potions of mutation
Miscellaneous
 A - a phantom mirror
 P - 5 sacks of spiders
Comestibles
 f - 79 rations


   Skills:
 + Level 25.2 Fighting
   Level 3.8 Short Blades
   Level 1.9(10.7) Axes
 - Level 15.7(15.8) Polearms
 - Level 22.0 Armour
 - Level 22.0 Dodging
 - Level 14.6 Stealth
 - Level 25.0 Shields
 - Level 13.0 Invocations


You had 22 spell levels left.
You knew the following spells:

 Your Spells              Type           Power        Failure   Level  Hunger
k - Apportation           Tloc           #.....       80%         1    ##.....
B - Blink                 Tloc           N/A          91%         2    ###....
C - Confusing Touch       Hex            #.....       80%         1    ##.....

Your spell library contained the following spells:

 Spells                   Type           Power        Failure   Level  Hunger
 Animate Skeleton         Necr           N/A          80%         1    ##.....
 Beastly Appendage        Tmut           #.....       80%         1    ##.....
 Corona                   Hex            #......      80%         1    ##.....
 Flame Tongue             Conj/Fire      #....        80%         1    ##.....
 Freeze                   Ice            #...         80%         1    ##.....
 Infusion                 Chrm           #...         80%         1    ##.....
 Magic Dart               Conj           #...         80%         1    ##.....
 Shock                    Conj/Air       #...         80%         1    ##.....
 Sting                    Conj/Pois      #...         80%         1    ##.....
 Summon Small Mammal      Summ           #...         80%         1    ##.....
 Call Imp                 Summ           #.......     91%         2    ###....
 Corpse Rot               Necr           N/A          91%         2    ###....
 Ensorcelled Hibernation  Hex/Ice        #.....       91%         2    ###....
 Passwall                 Tmut/Erth      #.......     91%         2    ###....
 Poisonous Vapours        Pois/Air       #.....       91%         2    ###....
 Searing Ray              Conj           #.....       91%         2    ###....
 Shroud of Golubria       Chrm/Tloc      #.........   91%         2    ###....
 Slow                     Hex            #.......     91%         2    ###....
 Sticks to Snakes         Tmut           #.......     91%         2    ###....
 Sublimation of Blood     Necr           #.........   91%         2    ###....
 Swiftness                Chrm/Air       #.......     91%         2    ###....
 Throw Flame              Conj/Fire      #.....       91%         2    ###....
 Throw Frost              Conj/Ice       #.....       91%         2    ###....
 Call Canine Familiar     Summ           #.......     99%         3    ####...
 Confuse                  Hex            #.......     99%         3    ####...
 Conjure Flame            Conj/Fire      #.......     99%         3    ####...
 Dazzling Spray           Conj/Hex       #.....       99%         3    ####...
 Gell's Gravitas          Tloc           #.........   99%         3    ####...
 Ignite Poison            Fire/Tmut/Pois #.......     99%         3    ####...
 Inner Flame              Hex/Fire       #.......     99%         3    ####...
 Lesser Beckoning         Tloc           #.........   99%         3    ####...
 Mephitic Cloud           Conj/Pois/Air  #.......     99%         3    ####...
 Ozocubu's Armour         Chrm/Ice       #.......     99%         3    ####...
 Portal Projectile        Hex/Tloc       #.....       99%         3    ####...
 Recall                   Summ/Tloc      N/A          99%         3    ####...
 Spider Form              Tmut/Pois      #.........   99%         3    ####...
 Static Discharge         Conj/Air       #.......     99%         3    ####...
 Summon Guardian Golem    Hex/Summ       #.......     99%         3    ####...
 Teleport Other           Tloc           #.......     99%         3    ####...
 Airstrike                Air            #.........   100%        4    #####..
 Cause Fear               Hex            #.........   100%        4    #####..
 Force Lance              Conj/Tloc      #.......     100%        4    #####..
 Fulminant Prism          Conj/Hex       #.........   100%        4    #####..
 Ice Form                 Ice/Tmut       #.......     100%        4    #####..
 Iskenderun's Mystic Bla  Conj           #.......     100%        4    #####..
 Leda's Liquefaction      Hex/Erth       #.........   100%        4    #####..
 Olgreb's Toxic Radiance  Pois           #.......     100%        4    #####..
 Petrify                  Tmut/Erth      #.......     100%        4    #####..
 Sticky Flame             Conj/Fire      #.......     100%        4    #####..
 Summon Ice Beast         Ice/Summ       #.......     100%        4    #####..
 Summon Lightning Spire   Summ/Air       #.......     100%        4    #####..
 Throw Icicle             Conj/Ice       #.......     100%        4    #####..
 Agony                    Necr           #.......     100%        5    ######.
 Alistair's Intoxication  Tmut/Pois      #.......     100%        5    ######.
 Aura of Abjuration       Summ           #.........   100%        5    ######.
 Blade Hands              Tmut           #.........   100%        5    ######.
 Bolt of Draining         Conj/Necr      #.........   100%        5    ######.
 Bolt of Magma            Conj/Fire/Erth #.........   100%        5    ######.
 Borgnjor's Vile Clutch   Necr/Erth      #.........   100%        5    ######.
 Dispel Undead            Necr           #.......     100%        5    ######.
 Excruciating Wounds      Chrm/Necr      #.........   100%        5    ######.
 Fireball                 Conj/Fire      #.........   100%        5    ######.
 Irradiate                Conj/Tmut      #.........   100%        5    ######.
 Iskenderun's Battlesphe  Conj/Chrm      #.......     100%        5    ######.
 Lightning Bolt           Conj/Air       #.........   100%        5    ######.
 Metabolic Englaciation   Hex/Ice        #.........   100%        5    ######.
 Silence                  Hex/Air        #.........   100%        5    ######.
 Summon Demon             Summ           #.........   100%        5    ######.
 Summon Forest            Summ/Tloc      #.........   100%        5    ######.
 Summon Mana Viper        Hex/Summ       #.......     100%        5    ######.
 Venom Bolt               Conj/Pois      #.........   100%        5    ######.
 Yara's Violent Unravell  Hex/Tmut       #.........   100%        5    ######.
 Bolt of Cold             Conj/Ice       #.........   100%        6    #######
 Bolt of Fire             Conj/Fire      #.........   100%        6    #######
 Conjure Ball Lightning   Conj/Air       #.........   100%        6    #######
 Darkness                 Hex            #.........   100%        6    #######
 Deflect Missiles         Chrm/Air       #.........   100%        6    #######
 Freezing Cloud           Conj/Ice/Air   #.........   100%        6    #######
 Hydra Form               Tmut           #.........   100%        6    #######
 Iron Shot                Conj/Erth      #.........   100%        6    #######
 Shadow Creatures         Summ           N/A          100%        6    #######
 Statue Form              Tmut/Erth      #........    100%        6    #######
 Dragon Form              Tmut           #.........   100%        7    #######
 Haunt                    Necr/Summ      #.........   100%        7    #######
 Orb of Destruction       Conj           #.........   100%        7    #######
 Spellforged Servitor     Conj/Summ      #.........   100%        7    #######
 Borgnjor's Revivificati  Necr           #.........   100%        8    #######
 Death's Door             Chrm/Necr      #.........   100%        8    #######
 Ignition                 Fire           #.........   100%        8    #######
 Infestation              Necr           #.........   100%        8    #######
 Necromutation            Tmut/Necr      #.........   100%        8    #######
 Dragon's Call            Summ           #.........   100%        9    #######
 Shatter                  Erth           #.........   100%        9    #######
 Tornado                  Air            #.........   100%        9    #######
 Passage of Golubria      Tloc           Unusable     N/A         4    N/A

Dungeon Overview and Level Annotations

Branches:
Dungeon (15/15)            Temple (1/1) D:6            Lair (6/6) D:10
  Swamp (4/4) Lair:3        Snake (4/4) Lair:2        Slime (0/5) Lair:6
    Orc (2/2) D:11            Elf (3/3) Orc:2        Vaults (5/5) D:13
  Crypt (3/3) Vaults:3       Tomb (0/3) Crypt:3      Depths (5/5) D:15
   Hell (1/1)                 Dis (0/7) Hell            Geh (0/7) Hell
    Coc (0/7) Hell            Tar (0/7) Hell            Zot (5/5) Depths:5

Altars:
Ashenzari
Cheibriados
Dithmenos
Elyvilon
Fedhas
Gozag
Hepliaklqana
Kikubaaqudgha
Makhleb
Nemelex Xobeh
Okawaru
Qazlal
Ru
Sif Muna
Trog
Uskayaw
Vehumet
Wu Jian
Xom
Yredelemnul
Zin
The Shining One
Beogh
Jiyva

Shops:
D:7 [   D:10 [   D:15 =   Orc:1 (   Orc:2 *((%   Elf:1 =?   Elf:3 [   Snake:3 *
Vaults:4 ?

Portals:
Hell: Depths:1 Depths:2 Depths:3 Depths:4 Depths:5
Abyss: Depths:2 Depths:4
Pandemonium: Depths:3 Depths:4
Ziggurat: Depths:3


Innate Abilities, Weirdness & Mutations

You have a pair of large horns on your head.
You are completely attuned to the shadows.
Your magical and physical power is greatly enhanced at high health.
When hurt, damage is shared between your health and your magic reserves.
You regenerate magic rapidly.
When low on magic, you restore magic in place of health.
Your movements are significantly less encumbered by armour. (ER -6)
You are agile. (Dex +2)
Your body sometimes deteriorates upon taking damage.
Your magical capacity is low. (-10% MP)
Your spells are a little easier to cast, but a little less powerful.


Message History

Press: ? - help, v - describe, . - travel A staircase leading out of the dungeon.
This square is covered in magical glow.
Unknown command.
Okay, then.
As you read the scroll of brand weapon, it crumbles to dust.
Your +8 demon trident of freezing emits a brilliant flash of light!
t - a +8 demon trident of piercing (weapon)
There is a staircase leading out of the dungeon here.
As you read the scroll of summoning, it crumbles to dust.
Wisps of shadow whirl around you...
As you read the scroll of summoning, it crumbles to dust.
Wisps of shadow whirl around you...
As you read the scroll of summoning, it crumbles to dust.
Wisps of shadow whirl around you...
As you read the scroll of summoning, it crumbles to dust.
Wisps of shadow whirl around you...
The shadows disperse without effect.
As you read the scroll of summoning, it crumbles to dust.
Wisps of shadow whirl around you...
The shadows disperse without effect.
You have escaped!

#........###.# ########
###...........# #......##
.......รท......# #.......# ##
###.##.##.#####
###.##....#####. #.......#
#...##(#....(.(. ###...###
#######+#...#..#####. #...#
#..lKl'.'......# ## #...#
#.##s##.######.# #
#...#####.#r@K#.#......# #
#.......#.#llb#.########## #
#####...#####.##+##.#........#
#
............#.......#..#.....#
#
............##########.......#
# ....(.....)....#.# #.#.....#
# #####.........##.# #.......#
# #...#####....# #.##.#### #
#...# ####.#####.##.#


You could see 3 friendly leopard geckos, a friendly giant cockroach, a friendly
bat, 2 friendly kobolds, a friendly frilled lizard and a friendly rat.

Vanquished Creatures
  3 orbs of fire
  A juggernaut (Depths:5)
  8 ancient liches
  A Killer Klown (Zot:4)
  Vashnia (Snake:2)
  the Lernaean hydra (Swamp:4)
  6 caustic shrikes
  Geryon (Hell)
  2 curse toes (Zot:5)
  4 profane servitors
  Jory (Vaults:1)
  19 golden dragons
  8 bone dragons
  2 electric golems
  A hellephant (Abyss:1)
  13 liches
  The ghost of theMacoje the Slayer, an adept OgAM of Hepliaklqana (Vaults:2)
  25 tentacled monstrosities
  24 Orb Guardians
  A Hell Sentinel (D:2)
  12 quicksilver dragons
  6 titans (Vaults:5)
  Asterion (Elf:3)
  4 deep elf blademasters
  4 deep elf master archers (Elf:3)
  An eldritch tentacle (Abyss:1)
  32 tentacled starspawn
  8 Executioners
  Gastronok (Lair:2)
  A sphinx (shapeshifter) (Vaults:5)
  14 storm dragons
  8 death cobs
  8 sphinxes
  6 tengu reavers
  5 draconian monks
  2 thorn hunters
  3 shadow dragons
  Donald (Vaults:2)
  7 nagarajas
  2 revenants
  10 frost giants
  2 iron dragons
  7 draconian knights
  10 fire giants
  6 ghost moths
  2 orc warlords
  14 vault wardens
  6 ghouls
  11 deep elf sorcerers
  2 spriggan defenders
  4 balrugs
  2 draconian shifters
  2 cacodemons (Abyss:1)
  A juggernaut zombie (Hell)
  3 draconian scorchers
  8 draconian stormcallers
  4 curse skulls
  3 deep elf elementalists
  Aizul (Elf:3)
  An angel (Abyss:1)
  Louise (Snake:3)
  8 reapers
  4 war gargoyles
  5 draconian annihilators
  29 stone giants
  12 ironheart preservers
  23 very ugly things
  6 black draconians
  The ghost of Ujat the Severer, a journeyman MiFi (Lair:4)
  13 green draconians
  2 ophanim (Abyss:1)
  6 deep elf demonologists
  The ghost of AarnesTheHuman the Fighter, a journeyman BaFi of Makhleb (Lair:5)
  3 vampire knights
  Azrael (Elf:2)
  3 lorocyprocas
  10 deep elf annihilators
  11 white draconians
  9 red draconians
  9 yellow draconians
  8 purple draconians
  5 spark wasps (Depths:2)
  2 mummy priests
  3 green deaths
  5 deep elf death magi
  2 crystal guardians (Abyss:3)
  13 eidola
  4 blizzard demons
  9 ettins
  12 jiangshi
  6 fire dragons
  A quicksilver dragon zombie (Hell)
  14 great orbs of eyes
  5 deep elf high priests
  3 great orbs of eyes (shapeshifter) (Abyss:3)
  18 yaktaur captains
  8 spriggan air magi
  12 ice dragons
  12 naga warriors
  13 rakshasas
  A hell beast (Hell)
  21 hydras
  27 vault guards
  Erolcha (Orc:2)
  2 catoblepae (Lair:6)
  2 shambling mangroves
  Erica (Lair:2)
  12 centaur warriors
  10 ghost crabs
  11 anacondas
  2 death knights
  36 dancing weapons
  19 alligators
  11 deep troll shamans
  10 deep troll earth magi
  6 tengu warriors
  54 two-headed ogres
  5 hell hogs
  17 death yaks
  9 vampire magi
  A titan zombie (Crypt:3)
  21 ogre magi
  Urug (D:11)
  12 spriggan berserkers
  6 shock serpents
  A shock serpent (shapeshifter) (Vaults:5)
  68 large abominations
  9 sun demons
  38 thrashing horrors
  14 iron trolls
  2 storm dragon zombies
  8 hell knights
  29 deep elf knights
  17 naga sharpshooters
  Sonja (Orc:2)
  12 soul eaters
  9 spriggans
  A fire crab (shapeshifter) (Depths:2)
  2 titan skeletons
  3 salamander mystics
  7 shadow wraiths
  22 skeletal warriors
  23 wretched stars
  7 spatial maelstroms
  2 storm dragon skeletons
  11 sixfirhies
  An unseen horror (shapeshifter) (Vaults:5)
  2 death drakes
  12 wizards
  9 glowing orange brains
  9 swamp dragons
  A golden dragon skeleton (Crypt:1)
  19 deep trolls
  18 unseen horrors
  5 spriggan druids
  A golden dragon zombie (Trove)
  6 flayed ghosts
  A kraken simulacrum (Hell)
  30 orc knights
  6 naga ritualists
  17 ironbrand convokers
  2 sphinx zombies
  35 starcursed masses
  17 deep elf archers
  2 wolf spider zombies
  4 anaconda skeletons
  81 deep elf magi
  A lindwurm (shapeshifter) (Depths:4)
  17 phantasmal warriors
  5 frost giant zombies
  An iron dragon zombie (Hell)
  14 necromancers
  An orb spider (shapeshifter) (Abyss:3)
  2 harpies (shapeshifter)
  2 lindwurms (Lair:6)
  9 mana vipers
  2 fire giant zombies (Crypt:3)
  2 shadow dragon skeletons (Crypt:3)
  8 orc sorcerers
  A manticore (D:13)
  42 ugly things
  12 wolf spiders
  10 worldbinders
  3 oklob plants (Lair:5)
  9 salamanders
  7 cyclopes
  4 stone giant zombies
  A salamander (shapeshifter) (Abyss:1)
  3 elephants (Lair:6)
  2 guardian serpents (shapeshifter)
  A water nymph (shapeshifter) (Vaults:5)
  4 rust devils
  An iron dragon skeleton (Abyss:2)
  15 moths of wrath
  4 guardian serpents
  An ice statue (Hell)
  An eye of devastation (shapeshifter) (Vaults:5)
  2 fire giant skeletons
  20 smoke demons
  4 centaur zombies
  A titan simulacrum (Hell)
  13 naga magi
  11 apocalypse crabs
  33 black mambas
  23 spiny frogs
  A storm dragon simulacrum (Vaults:1)
  A spiny frog (shapeshifter) (Vaults:5)
  2 hellions
  6 orange demons
  6 komodo dragons
  12 vault sentinels
  6 rime drakes
  47 small abominations
  An emperor scorpion zombie (Crypt:3)
  A rime drake (shapeshifter) (Abyss:1)
  4 efreet
  5 kobold demonologists
  3 guardian mummies (Crypt:3)
  A yaktaur (shapeshifter) (Vaults:5)
  21 hellwings
  A demonic crawler (Abyss:1)
  45 yaktaurs
  8 red devils (Hell)
  2 tormentors
  3 hydra zombies
  2 queen bees
  15 freezing wraiths
  16 ancient zymes
  2 ice devils (Hell)
  17 hornets
  2 harpy zombies (Crypt:3)
  2 jumping spiders (Crypt:3)
  3 meliai (D:14)
  2 tengu conjurers
  5 trolls
  A troll (shapeshifter) (Elf:1)
  3 polar bears (Lair:6)
  2 jumping spiders (shapeshifter)
  A hydra skeleton (Crypt:3)
  A sphinx simulacrum (Vaults:3)
  19 slime creatures
  10 bog bodies
  A harpy skeleton (Crypt:3)
  53 raiju
  22 blink frogs
  A blink frog (shapeshifter) (Abyss:1)
  11 tyrant leeches
  3 ice dragon zombies
  2 spriggan zombies (Hell)
  A guardian serpent zombie (Crypt:1)
  2 hippogriffs (shapeshifter)
  16 hippogriffs
  14 flying skulls
  An ice dragon skeleton (Hell)
  2 ettin zombies
  A fire dragon skeleton (Trove)
  16 ynoxinuls
  3 redbacks (Crypt:3)
  6 shadows
  2 redbacks (shapeshifter)
  A spriggan (shapeshifter) (Depths:3)
  2 air elementals (Elf:1)
  7 water elementals
  11 fire bats
  A vampire (D:15)
  Eustachio (D:3)
  17 humans
  13 wraiths
  33 yaks
  5 wyverns
  10 fire elementals
  Grum (D:11)
  15 basilisks
  4 hogs (D:8)
  A golden eye (shapeshifter) (Elf:1)
  A basilisk (shapeshifter) (Abyss:2)
  A steam dragon (shapeshifter) (Depths:4)
  7 vampire mosquitoes
  3 hungry ghosts
  9 chaos spawn
  14 neqoxecs
  10 wargs
  2 human zombies
  Menkaure (D:7)
  17 swamp worms
  6 insubstantial wisps
  74 nagas
  17 spatial vortices
  12 water moccasins
  A spiny frog zombie (Hell)
  An acid dragon (Vaults:1)
  5 hell hounds
  A deep troll skeleton (Crypt:2)
  9 porcupines
  14 swamp drakes
  A two-headed ogre skeleton (Crypt:1)
  A hornet zombie (Vaults:1)
  A hydra simulacrum (Hell)
  A torturous demonspawn skeleton (Crypt:2)
  A floating eye (Depths:3)
  2 ice beasts
  77 orc warriors
  4 sky beasts
  A black bear (D:13)
  A necrophage (Crypt:1)
  An ettin simulacrum (Vaults:2)
  15 wolves
  5 eyes of draining
  3 phantoms
  15 centaurs
  33 ogres
  18 boggarts
  13 crocodiles
  A yaktaur zombie (Hell)
  10 big kobolds
  18 bullfrogs
  An elf zombie (Crypt:1)
  A salamander skeleton (Crypt:2)
  4 earth elementals
  A glowing shapeshifter simulacrum (Vaults:1)
  9 wyvern skeletons
  2 komodo dragon skeletons (Crypt:2)
  A spiny frog simulacrum (Hell)
  A human skeleton (Vaults:1)
  2 scorpions
  38 killer bees
  20 wights
  2 electric eels (Elf:3)
  4 howler monkeys (D:12)
  A raiju skeleton (Crypt:2)
  9 quasits
  5 hounds
  8 crimson imps
  A bullfrog zombie (D:7)
  3 bullfrog skeletons
  33 orc priests
  5 jellies
  6 centaur skeletons
  A gnoll shaman (D:5)
  9 iron imps
  4 iguanas
  26 orc wizards
  5 hell rats
  13 worker ants
  4 human simulacra
  A hound skeleton (D:9)
  A worker ant zombie (D:11)
  24 gnolls
  10 adders
  3 shadow imps
  7 white imps
  6 ufetubi
  An adder zombie (D:5)
  2 adder skeletons (D:4)
  2 worms
  2 dart slugs
  4 leopard geckos
  157 orcs
  2 ball pythons
  2 giant cockroaches
  4 goblins
  2 hobgoblins
  20 jackals
  32 kobolds
  4 quokkas
  A ball python skeleton (Crypt:1)
  A ball python zombie (Crypt:1)
  7 bats
  6 frilled lizards
  A frilled lizard skeleton (Crypt:1)
  2 jackal zombies
  A leopard gecko skeleton (D:3)
  An orc simulacrum (Abyss:5)
  A quokka skeleton (D:4)
  11 rats
  A rat skeleton (Crypt:2)
  A briar patch (Swamp:4)
  2 fungi
  3 lurking horrors
  10 plants
  13 starspawn tentacles
  A withered plant (Crypt:3)
3367 creatures vanquished.

Vanquished Creatures (others)
  A draconian monk (Zot:2)
  5 very ugly things (Abyss:1)
  A blizzard demon (Hell)
  A rakshasa (Abyss:1)
  A spriggan air mage (Depths:4)
  A thrashing horror (Abyss:5)
  A sixfirhy (Abyss:1)
  A starcursed mass (Abyss:1)
  A flayed ghost (Abyss:1)
  2 large abominations (Abyss:1)
  4 ugly things
  2 deep elf magi (Elf:2)
  A freezing wraith (Abyss:1)
  An ancient zyme (Abyss:1)
  A tyrant leech (Swamp:1)
  A raiju (Abyss:1)
  A ynoxinul (Abyss:1)
  4 golden eyes (Abyss:1)
  2 neqoxecs (Abyss:1)
  4 small abominations (Abyss:1)
  An ettin simulacrum (Abyss:1)
  A boggart (Vaults:2)
  An ogre (Depths:3)
  A quasit (Abyss:1)
  A hell rat (Hell)
  A white imp (Abyss:1)
  2 ufetubi (Abyss:1)
  2 orcs
  A bush (Abyss:5)
  A fire vortex (Swamp:2)
  34 fungi
  4 lurking horrors
  26 plants
  56 starspawn tentacles
  4 tentacles (Hell)
  A withered plant (Crypt:3)
173 creatures vanquished.

Grand Total: 3540 creatures vanquished

Notes
Turn   | Place    | Note
-------+----------+-------------------------------------------
     0 | D:1      | OrcJesus the Demonspawn Fighter began the quest for the
                  | Orb.
     0 | D:1      | Reached XP level 1. HP: 18/18 MP: 1/1
   205 | D:1      | Gained mutation: Your movements are slightly less
                  | encumbered by armour. (ER -2) [demonic ancestry]
   205 | D:1      | Reached XP level 2. HP: 17/24 MP: 2/2
   829 | D:1      | Reached XP level 3. HP: 29/29 MP: 3/3
  1662 | D:3      | Noticed a scorpion
  1679 | D:3      | Killed a scorpion
  1679 | D:3      | Gained mutation: You have a pair of small horns on your
                  | head. [demonic ancestry]
  1679 | D:3      | Reached XP level 4. HP: 21/37 MP: 4/4
  1928 | D:3      | Reached XP level 5. HP: 42/42 MP: 5/5
  2176 | D:3      | Reached skill level 1 in Short Blades
  2835 | D:4      | Reached XP level 6. HP: 28/48 MP: 6/6
  3136 | D:4      | Noticed Eustachio
  3167 | D:3      | Killed Eustachio
  3167 | D:3      | Reached skill level 5 in Shields
  3675 | D:5      | Entered Level 5 of the Dungeon
  3702 | D:5      | Gained mutation: When hurt, damage is shared between your
                  | health and your magic reserves. [demonic ancestry]
  3702 | D:5      | Reached XP level 7. HP: 55/55 MP: 7/7
  3769 | D:5      | Found an ornate altar of the Wu Jian Council.
  4209 | D:5      | Got a crystal spear
  4210 | D:5      | Identified the +7 spear "Qiten" {speed, rF+ rN++ Int+4}
                  | (You found it on level 5 of the Dungeon)
  4413 | D:6      | Reached XP level 8. HP: 61/61 MP: 8/8
  4513 | D:6      | Reached skill level 5 in Fighting
  4513 | D:6      | Reached skill level 1 in Polearms
  4544 | D:6      | Reached skill level 1 in Dodging
  4934 | D:6      | Found a staircase to the Ecumenical Temple.
  4944 | Temple   | Entered the Ecumenical Temple
  5006 | Temple   | Became a worshipper of Warmaster Okawaru
  5195 | D:7      | Noticed Menkaure
  5203 | D:7      | Killed Menkaure
  5203 | D:7      | Reached skill level 5 in Armour
  5439 | D:7      | Found Geocw's Antique Armour Boutique.
  6116 | D:7      | Reached * piety under Okawaru
  6123 | D:7      | Gained mutation: You regenerate magic rapidly. [demonic
                  | ancestry]
  6123 | D:7      | Reached XP level 9. HP: 44/68 MP: 6/9
  6470 | D:7      | Reached skill level 1 in Invocations
  6541 | D:8      | Noticed a two-headed ogre
  6561 | D:8      | Killed a two-headed ogre
  6561 | D:8      | Reached ** piety under Okawaru
  6890 | D:8      | Found a hazy altar of Hepliaklqana.
  7028 | D:8      | Found a roughly hewn altar of Beogh.
  7052 | D:8      | Reached skill level 5 in Polearms
  7058 | D:8      | Gained mutation: You are slightly more attuned to the
                  | shadows. [demonic ancestry]
  7058 | D:8      | Reached XP level 10. HP: 76/77 MP: 13/13
  7188 | D:8      | Found a white marble altar of Elyvilon.
  7216 | D:8      | Noticed a cyclops
  7238 | D:8      | Killed a cyclops
  7238 | D:8      | Reached *** piety under Okawaru
  7308 | D:8      | Found a sacrificial altar of Ru.
  7373 | D:9      | Noticed a two-headed ogre
  7381 | D:9      | Killed a two-headed ogre
  7381 | D:9      | Reached skill level 5 in Invocations
  7688 | D:9      | Reached **** piety under Okawaru
  8665 | D:10     | Entered Level 10 of the Dungeon
  8736 | D:10     | Found Owkus's Armour Shop.
  8771 | D:10     | Noticed a two-headed ogre
  8780 | D:10     | Killed a two-headed ogre
  8824 | D:10     | Gained mutation: Your movements are less encumbered by
                  | armour. (ER -4) [demonic ancestry]
  8824 | D:10     | Reached XP level 11. HP: 71/84 MP: 14/14
  8847 | D:10     | Reached ***** piety under Okawaru
  8869 | D:10     | Bought the +3 pair of gauntlets of War {Slay+5} for 570
                  | gold pieces
  8869 | D:10     | Found the +3 pair of gauntlets of War {Slay+5}
  9086 | D:10     | Found a staircase to the Lair.
  9194 | D:11     | Noticed an orc knight
  9194 | D:11     | Noticed an orc sorcerer
  9212 | D:10     | Killed an orc knight
  9235 | D:11     | Paralysed by an orc sorcerer for 5 turns
  9251 | D:11     | Killed an orc sorcerer
  9299 | D:11     | Noticed Grum
  9317 | D:11     | Killed Grum
  9446 | D:11     | Noticed a four-headed hydra
  9453 | D:11     | Killed a four-headed hydra
  9512 | D:11     | Received a gift from Okawaru
  9721 | D:11     | Noticed Urug
  9738 | D:11     | Killed Urug
  9759 | D:11     | Found a roughly hewn altar of Beogh.
  9761 | D:11     | Found a staircase to the Orcish Mines.
  9801 | D:11     | Noticed a white ugly thing
  9811 | D:11     | Killed a white ugly thing
  9811 | D:11     | Reached skill level 10 in Shields
 10335 | D:11     | Killed an unseen horror
 10740 | Lair:1   | Entered Level 1 of the Lair of Beasts
 11284 | Lair:1   | Reached XP level 12. HP: 66/94 MP: 13/17
 11929 | Lair:2   | Noticed Gastronok
 11976 | Lair:2   | Killed Gastronok
 12023 | Lair:2   | Found a staircase to the Snake Pit.
 12157 | Lair:2   | Noticed Erica
 12166 | Lair:2   | Killed Erica
 12213 | Lair:2   | Received a gift from Okawaru
 12418 | Lair:2   | Noticed a death yak
 12443 | Lair:2   | Killed a death yak
 12961 | Lair:3   | Found a staircase to the Swamp.
 13110 | Lair:3   | Received a gift from Okawaru
 13110 | Lair:3   | Reached ****** piety under Okawaru
 13371 | Lair:3   | Gained mutation: You have a pair of horns on your head.
                  | [demonic ancestry]
 13371 | Lair:3   | Reached XP level 13. HP: 69/101 MP: 19/19
 13544 | Lair:3   | Reached skill level 10 in Polearms
 14296 | Lair:4   | Noticed Ujat's ghost (journeyman MiFi)
 14314 | Lair:4   | Found a transporter.
 14315 | Lair:4   | Found a transporter.
 15380 | Lair:4   | Received a gift from Okawaru
 15470 | Lair:4   | Killed Ujat's ghost
 16808 | Lair:5   | Found a runed translucent door.
 17002 | Lair:5   | Noticed AarnesTheHuman's ghost (journeyman BaFi)
 17026 | Lair:5   | Killed AarnesTheHuman's ghost
 17026 | Lair:5   | Reached skill level 10 in Fighting
 17189 | Lair:6   | Entered Level 6 of the Lair of Beasts
 17423 | Lair:6   | Received a gift from Okawaru
 17440 | Lair:6   | Gained mutation: You have a pair of large horns on your
                  | head. [demonic ancestry]
 17440 | Lair:6   | Reached XP level 14. HP: 49/110 MP: 11/21
 18479 | Lair:6   | Found a viscous altar of Jiyva.
 18479 | Lair:6   | Found a staircase to the Slime Pits.
 19242 | Lair:6   | Reached skill level 10 in Armour
 19983 | Orc:1    | Entered Level 1 of the Orcish Mines
 20102 | Orc:1    | Received a gift from Okawaru
 20232 | Orc:1    | Found Aliboig's Weapon Shop.
 20409 | Orc:1    | Noticed an orc warlord
 20839 | Orc:1    | Killed an orc warlord
 21427 | Orc:2    | Entered Level 2 of the Orcish Mines
 22065 | Orc:2    | Noticed a stone giant
 22088 | Orc:2    | Killed a stone giant
 22454 | Orc:2    | Found a roughly hewn altar of Beogh.
 22501 | Orc:2    | Reached XP level 15. HP: 107/119 MP: 19/22
 22633 | Orc:2    | Noticed Sonja
 22644 | Orc:2    | Killed Sonja
 22870 | Orc:2    | Noticed Erolcha
 22885 | Orc:2    | Killed Erolcha
 23019 | Orc:2    | Found a staircase to the Elven Halls.
 23089 | Orc:2    | Found Gedac's Antique Weapon Shoppe.
 23089 | Orc:2    | Found Anti's Food Boutique.
 23326 | Orc:2    | Found Qosopuek's Assorted Antiques.
 23326 | Orc:2    | Found Baupsot's Antique Weapon Boutique.
 23330 | Orc:2    | Bought a scroll labeled COLOMA OFU for 29 gold pieces
 23330 | Orc:2    | Bought a scroll of teleportation for 87 gold pieces
 23330 | Orc:2    | Bought a scroll labeled GAYCEWKIGOY for 29 gold pieces
 24089 | D:12     | You fall through a shaft for 3 floors!
 24089 | D:15     | Entered Level 15 of the Dungeon
 24356 | D:13     | Found a gate to the Vaults.
 24508 | D:13     | Reached skill level 5 in Dodging
 24631 | D:13     | Received a gift from Okawaru
 24658 | D:13     | Got a warped spear {god gift}
 24659 | D:13     | Identified the +8 spear of Courage {flame, Str-2 Int+7
                  | Stlth+} (Okawaru gifted it to you on level 13 of the
                  | Dungeon)
 25461 | D:13     | Identified the +1 scale mail of Pisitas {rElec Regen+}
 26043 | D:14     | Received a gift from Okawaru
 27285 | D:15     | Found a staircase to the Depths.
 27374 | D:15     | Received a gift from Okawaru
 27393 | D:15     | Reached skill level 15 in Shields
 27782 | D:15     | Found Perup's Jewellery Emporium.
 28133 | Snake:1  | Entered Level 1 of the Snake Pit
 28212 | Snake:1  | Identified a +0 pair of boots of running (You found it on
                  | level 1 of the Snake Pit)
 28239 | Snake:1  | Reached skill level 10 in Invocations
 28435 | Snake:1  | Gained mutation: Your movements are significantly less
                  | encumbered by armour. (ER -6) [demonic ancestry]
 28435 | Snake:1  | Reached XP level 16. HP: 105/128 MP: 23/23
 28564 | Snake:1  | Learned a level 1 spell: Confusing Touch
 29867 | D:7      | Bought runed shadow dragon scales for 2075 gold pieces
 30589 | Snake:2  | Received a gift from Okawaru
 32073 | Snake:2  | Noticed Vashnia
 32236 | Snake:2  | Killed Vashnia
 32236 | Snake:2  | Received a gift from Okawaru
 32239 | Snake:2  | Got a transparent shield {god gift}
 32251 | Snake:2  | Identified the -4 shield "Tyxzodex" {-Cast +Fly rElec
                  | Str+6} (Okawaru gifted it to you on level 2 of the Snake
                  | Pit)
 33685 | Snake:3  | Noticed Louise
 34682 | Snake:3  | Found Hath's Humungous Hoard.
 34689 | Snake:3  | Bought a potion of heal wounds for 80 gold pieces
 34757 | Snake:4  | Entered Level 4 of the Snake Pit
 35123 | Snake:4  | Reached XP level 17. HP: 139/139 MP: 26/26
 35694 | Snake:4  | Received a gift from Okawaru
 38046 | Snake:4  | Got a serpentine rune of Zot
 38275 | Snake:3  | Killed Louise
 38379 | Swamp:1  | Entered Level 1 of the Swamp
 39653 | Swamp:2  | Reached skill level 15 in Fighting
 39749 | Swamp:2  | Found a runed translucent door.
 41089 | Swamp:2  | Received a gift from Okawaru
 41502 | Swamp:3  | Gained mutation: You are significantly more attuned to the
                  | shadows. [demonic ancestry]
 41502 | Swamp:3  | Reached XP level 18. HP: 144/149 MP: 25/27
 42158 | Swamp:4  | Entered Level 4 of the Swamp
 42625 | Swamp:4  | Received a gift from Okawaru
 42718 | Swamp:4  | Noticed the 27-headed Lernaean hydra
 42734 | Swamp:4  | HP: 5/149 [the 27-headed Lernaean hydra (9)]
 42739 | Swamp:4  | Killed the 27-headed Lernaean hydra
 42739 | Swamp:4  | Reached skill level 15 in Polearms
 42742 | Swamp:4  | HP: 5/149 [poisoned by a swamp dragon (blast of poison)]
 42747 | Swamp:4  | HP: 9/223 [poisoned by a swamp dragon (blast of poison)]
 43574 | Swamp:4  | Got a decaying rune of Zot
 43712 | Swamp:4  | Noticed a tentacled monstrosity
 43732 | Swamp:4  | Killed a tentacled monstrosity
 43739 | Swamp:4  | Received a gift from Okawaru
 43740 | Swamp:4  | Got a shadowed robe {god gift}
 44669 | Vaults:1 | Entered Level 1 of the Vaults
 44693 | Vaults:1 | Reached skill level 1 in Stealth
 45284 | Vaults:1 | Reached skill level 5 in Stealth
 45495 | Vaults:1 | Identified a scroll of acquirement
 46558 | Vaults:2 | Received a gift from Okawaru
 46569 | Vaults:2 | Gained mutation: Your magical and physical power is
                  | slightly enhanced at high health. [demonic ancestry]
 46569 | Vaults:2 | Reached XP level 19. HP: 155/155 MP: 28/28
 46672 | Vaults:2 | Noticed Jory
 46754 | Vaults:1 | Killed Jory
 47103 | Vaults:2 | Upgraded the game from 0.23.2-33-g5129a83184 to
                  | 0.23.2-40-g277498a001
 47296 | Vaults:2 | Reached skill level 10 in Stealth
 47612 | Vaults:2 | Found a portal to a secret trove of treasure.
 47653 | Vaults:2 | Noticed Donald
 47672 | Vaults:2 | Killed Donald
 47855 | Vaults:2 | Received a gift from Okawaru
 48046 | Vaults:2 | Found a large runed translucent door.
 48046 | Vaults:2 | Found a large runed translucent door.
 48046 | Vaults:2 | Found a large runed translucent door.
 48046 | Vaults:2 | Found a large runed translucent door.
 48046 | Vaults:2 | Found a large runed translucent door.
 48046 | Vaults:2 | Found a large runed translucent door.
 48046 | Vaults:2 | Noticed theMacoje's ghost (adept OgAM)
 48047 | Vaults:2 | Found a large runed translucent door.
 48047 | Vaults:2 | Found a large runed translucent door.
 48117 | Vaults:2 | Killed theMacoje's ghost
 48956 | Vaults:3 | Received a gift from Okawaru
 50110 | Vaults:3 | Noticed a lich
 50120 | Vaults:3 | Killed a lich
 50120 | Vaults:3 | Gained mutation: Your magical and physical power is
                  | enhanced at high health. [demonic ancestry]
 50120 | Vaults:3 | Reached XP level 20. HP: 162/162 MP: 29/29
 50195 | Vaults:3 | Received a gift from Okawaru
 50747 | Vaults:3 | Noticed a bone dragon
 50768 | Vaults:3 | Killed a bone dragon
 50769 | Vaults:3 | Found a staircase to the Crypt.
 51058 | Vaults:4 | Found Awecsag's Magic Scroll Shop.
 51671 | Vaults:4 | Found a roughly hewn altar of Beogh.
 51781 | Vaults:4 | Received a gift from Okawaru
 52933 | Elf:1    | Entered Level 1 of the Elven Halls
 52937 | Elf:1    | Found Ywic's Magic Scroll Boutique.
 52952 | Elf:1    | Found Niarghad's Jewellery Shop.
 53164 | Elf:1    | Identified the Incunabulum of Combat Magic
 53444 | Elf:1    | Reached XP level 21. HP: 150/169 MP: 26/30
 53715 | Elf:2    | Identified the amulet of Xoasouv {*Corrode +Rage rPois
                  | Str+4 Dex+2} (You acquired it on level 2 of the Elven
                  | Halls)
 53762 | Elf:2    | Found a large runed translucent door.
 53762 | Elf:2    | Found a large runed translucent door.
 53974 | Elf:2    | Received a gift from Okawaru
 54250 | Elf:2    | Found a large runed translucent door.
 54250 | Elf:2    | Found a large runed translucent door.
 54714 | Elf:2    | Received a gift from Okawaru
 54730 | Elf:2    | Got a pair of shimmering gloves {god gift}
 54748 | Elf:2    | Identified the +2 pair of gloves of Biappets {rC+ Int+5}
                  | (Okawaru gifted it to you on level 2 of the Elven Halls)
 54760 | Elf:2    | Noticed Azrael
 54776 | Elf:2    | Killed Azrael
 55195 | Elf:3    | Entered Level 3 of the Elven Halls
 55558 | Elf:3    | Noticed Aizul
 55582 | Elf:3    | Killed Aizul
 55594 | Elf:3    | Identified the Guide on Boosting Battle Magic
 55945 | Elf:3    | Found Alill's Antique Armour Shop.
 56348 | Elf:3    | Noticed Asterion
 56375 | Elf:3    | Killed Asterion
 56521 | Elf:3    | Reached skill level 10 in Dodging
 57020 | Elf:3    | Identified the ring "Loorizad" {rC+++ Int+2}
 57386 | Elf:3    | Reached XP level 22. HP: 174/182 MP: 29/31
 57445 | Elf:3    | Got a transparent hand crossbow
 57446 | Elf:3    | Identified the cursed +0 hand crossbow of Sumeur {velocity,
                  | rPois Stlth+} (You found it on level 3 of the Elven Halls)
 57464 | Elf:3    | Identified the Almanac of Glacial Moulding
 57838 | Crypt:1  | Entered Level 1 of the Crypt
 57884 | Crypt:1  | Identified the cursed +1 hand axe of Gozag's Castigation
                  | {freeze, *Rage rF- Int+9 Dex+8}
 58257 | Crypt:1  | Received a gift from Okawaru
 58261 | Crypt:1  | Got a pair of faintly glowing gloves {god gift}
 58272 | Crypt:1  | Identified the +2 pair of gloves "Jumarph" {rPois rC+ MR++}
                  | (Okawaru gifted it to you on level 1 of the Crypt)
 58650 | Crypt:1  | Paralysed by a vampire knight for 6 turns
 60779 | Crypt:3  | Entered Level 3 of the Crypt
 61070 | Crypt:3  | Found an ancient bone altar of Kikubaaqudgha.
 61076 | Crypt:3  | Received a gift from Okawaru
 61617 | Crypt:3  | Found a staircase to the Tomb.
 62308 | Crypt:3  | Noticed an ancient lich
 62314 | Crypt:3  | Cast into level 3 of the Abyss (a lich)
 62314 | Abyss:3  | Found a corrupted altar of Lugonu.
 62330 | Crypt:3  | Escaped the Abyss
 62360 | Crypt:3  | Killed an ancient lich
 62372 | Crypt:3  | Identified Wiuts's Compendium of Damaging Moulding
 62615 | Crypt:3  | Reached XP level 23. HP: 196/196 MP: 32/32
 62875 | Crypt:3  | Received a gift from Okawaru
 62880 | Crypt:3  | Got a warped bronze ring
 62882 | Crypt:3  | Identified the ring of the First Moons {rN+ Int+3} (You
                  | found it on level 3 of the Crypt)
 62887 | Crypt:3  | Got a pitted platinum ring
 62890 | Crypt:3  | Identified the ring of Tog Nauz {rN+ Int+2} (You found it
                  | on level 3 of the Crypt)
 63273 | Depths:1 | Entered Level 1 of the Depths
 64282 | Depths:1 | Found a shimmering altar of Xom.
 64431 | Depths:1 | Received a gift from Okawaru
 64445 | Depths:1 | Identified the Collected Works on Ignition and Flight
 64456 | Depths:1 | Identified Sif Muna's Papyrus of Mutagenic Flames
 64571 | Depths:1 | Found a gateway to Hell.
 64837 | Depths:1 | Found a deep blue altar of Sif Muna.
 64917 | Depths:1 | Identified the Catalogue of Changing
 64929 | Depths:1 | Identified the Tome of the Harmful Blaze
 64931 | Depths:1 | Identified the Disquisition on the Frigorific Entourage
 65023 | Depths:1 | Got a crude spear
 65024 | Depths:1 | Identified the +3 spear "Omaroxy" {antimagic, rF+ rN+
                  | Str+4} (You found it on level 1 of the Depths)
 65027 | Depths:1 | Got an ancient spear
 65028 | Depths:1 | Identified the +5 spear of Havoc {freeze, +Fly rPois rC+}
                  | (You found it on level 1 of the Depths)
 66434 | Depths:2 | Received a gift from Okawaru
 66873 | Depths:2 | Found a one-way gate to the infinite horrors of the Abyss.
 67504 | Depths:3 | Found a gateway to a ziggurat.
 67649 | Depths:2 | Gained mutation: When low on magic, you restore magic in
                  | place of health. [demonic ancestry]
 67649 | Depths:2 | Reached XP level 24. HP: 149/210 MP: 28/32
 69544 | Depths:3 | Found a one-way gate leading to the halls of Pandemonium.
 69868 | Depths:4 | Received a gift from Okawaru
 70592 | Depths:4 | Identified the Compendium of Displaced Attacks
 71299 | Depths:4 | Received a gift from Okawaru
 71630 | Depths:5 | Entered Level 5 of the Depths
 71650 | Depths:4 | Reached skill level 15 in Armour
 71650 | Depths:4 | Reached skill level 15 in Dodging
 72322 | Depths:5 | Found a gate to the Realm of Zot.
 72330 | Depths:5 | Reached XP level 25. HP: 201/217 MP: 32/32
 72610 | Depths:5 | Noticed a juggernaut
 72648 | Depths:5 | Killed a juggernaut
 72794 | Depths:5 | Found the +3 Elemental Staff {rElec rF++ rC++ MR++ AC+5}
 73633 | Vaults:5 | Entered Level 5 of the Vaults
 73656 | Vaults:5 | Received a gift from Okawaru
 73825 | Vaults:5 | Got a silver rune of Zot
 74587 | Vaults:5 | Received a gift from Okawaru
 74976 | Vaults:5 | Identified the +2 halberd "Caumif" {chop, -Tele rC+++ MR++
                  | Dex-5}
 75120 | Vaults:5 | Identified the +7 shortbow of the Land of Plenty {velocity,
                  | rPois rF++ MR- Str+2}
 75339 | Vaults:5 | Noticed an ancient lich
 75503 | Vaults:5 | Identified the amulet "Umuok" {Harm *Drain rC+}
 75506 | Vaults:5 | Gained mutation: Your magical and physical power is greatly
                  | enhanced at high health. [demonic ancestry]
 75506 | Vaults:5 | Reached XP level 26. HP: 224/224 MP: 32/32
 75926 | Vaults:5 | Noticed an ancient lich
 76010 | Vaults:5 | Killed an ancient lich
 76010 | Vaults:5 | Received a gift from Okawaru
 76545 | Vaults:5 | Identified the Grimoire of Calling
 76842 | Vaults:5 | Killed an ancient lich
 76959 | Vaults:5 | Identified the ring of Youthful Indiscretion {+Fly rElec
                  | Str+2 Int-3 Stlth+}
 78261 | Depths:2 | Voluntarily entered the Abyss.
 78577 | Depths:2 | Escaped the Abyss
 78579 | Depths:2 | Voluntarily entered the Abyss.
 79532 | Depths:2 | Escaped the Abyss
 79641 | Depths:2 | Voluntarily entered the Abyss.
 80137 | Abyss:1  | Received a gift from Okawaru
 80138 | Abyss:1  | Got an ancient chain mail {god gift}
 80450 | Abyss:1  | Gained mutation: Your magical capacity is low. (-10% MP) [a
                  | cacodemon]
 80509 | Depths:2 | Escaped the Abyss
 80520 | Depths:2 | Identified the +1 chain mail "Deinux" {Dex+2 SInv} (Okawaru
                  | gifted it to you on level 1 of the Abyss)
 80556 | Depths:2 | Voluntarily entered the Abyss.
 81252 | Abyss:2  | Gained mutation: You are completely attuned to the shadows.
                  | [demonic ancestry]
 81252 | Abyss:2  | Reached XP level 27. HP: 225/231 MP: 29/29
 81444 | Depths:2 | Escaped the Abyss
 81470 | Depths:2 | Voluntarily entered the Abyss.
 82290 | Depths:2 | Escaped the Abyss
 82316 | Depths:2 | Voluntarily entered the Abyss.
 82366 | Abyss:2  | Found a corrupted altar of Lugonu.
 83034 | Abyss:5  | Entered Level 5 of the Abyss
 83034 | Abyss:5  | Entered Level 5 of the Abyss
 83470 | Abyss:5  | Received a gift from Okawaru
 83913 | Depths:2 | Escaped the Abyss
 84154 | Depths:2 | Voluntarily entered the Abyss.
 85385 | Depths:2 | Escaped the Abyss
 85397 | Depths:2 | Voluntarily entered the Abyss.
 85397 | Abyss:1  | Found a corrupted altar of Lugonu.
 85737 | Depths:2 | Escaped the Abyss
 85753 | Depths:2 | Voluntarily entered the Abyss.
 85782 | Depths:2 | Escaped the Abyss
 85784 | Depths:2 | Voluntarily entered the Abyss.
 86016 | Depths:2 | Escaped the Abyss
 86018 | Depths:2 | Voluntarily entered the Abyss.
 86845 | Abyss:2  | Received a gift from Okawaru
 86891 | Abyss:2  | Found a corrupted altar of Lugonu.
 86992 | Abyss:2  | Got a crude battleaxe
 87082 | Abyss:3  | Found a corrupted altar of Lugonu.
 87239 | Abyss:3  | Got an abyssal rune of Zot
 87243 | Abyss:3  | Found a roughly hewn altar of Beogh.
 87398 | Abyss:3  | Found a corrupted altar of Lugonu.
 87503 | Abyss:3  | Found a corrupted altar of Lugonu.
 87589 | Abyss:3  | Found a corrupted altar of Lugonu.
 87712 | Depths:2 | Escaped the Abyss
 87737 | Depths:2 | Voluntarily entered the Abyss.
 87849 | Abyss:1  | Received a gift from Okawaru
 87853 | Depths:2 | Escaped the Abyss
 87877 | Depths:2 | Voluntarily entered the Abyss.
 88055 | Depths:2 | Escaped the Abyss
 88057 | Depths:2 | Voluntarily entered the Abyss.
 88062 | Abyss:1  | Found a corrupted altar of Lugonu.
 88093 | Depths:2 | Escaped the Abyss
 88095 | Depths:2 | Voluntarily entered the Abyss.
 88144 | Depths:2 | Escaped the Abyss
 88146 | Depths:2 | Voluntarily entered the Abyss.
 88312 | Depths:2 | Escaped the Abyss
 88316 | Depths:2 | Voluntarily entered the Abyss.
 88465 | Abyss:1  | Paralysed by you for 7 turns
 88568 | Abyss:1  | Found a transporter.
 88572 | Abyss:1  | Found a corrupted altar of Lugonu.
 88590 | Abyss:1  | Paralysed by accursed screaming for 1 turns
 88623 | Abyss:1  | Received a gift from Okawaru
 88673 | Abyss:1  | Found a corrupted altar of Lugonu.
 88696 | Abyss:1  | Received a gift from Okawaru
 88764 | Abyss:1  | Found a corrupted altar of Lugonu.
 88773 | Abyss:1  | Found a transporter.
 88781 | Abyss:1  | Got a sparkling iron ring
 88790 | Abyss:1  | Found a transporter.
 88826 | Abyss:1  | Found a transporter.
 88905 | Depths:2 | Escaped the Abyss
 88932 | Depths:2 | Identified the ring "Otrad Qeyqem" {rElec rN+ Str-3 Dex+5
                  | SInv} (You found it on level 1 of the Abyss)
 89066 | Depths:2 | Voluntarily entered the Abyss.
 89169 | Abyss:1  | Got a brightly glowing shortbow
 89248 | Abyss:1  | Found a corrupted altar of Lugonu.
 89468 | Depths:2 | Escaped the Abyss
 89501 | Depths:2 | Voluntarily entered the Abyss.
 89539 | Depths:2 | Escaped the Abyss
 89541 | Depths:2 | Voluntarily entered the Abyss.
 89711 | Depths:2 | Escaped the Abyss
 89732 | Depths:2 | Voluntarily entered the Abyss.
 89877 | Abyss:1  | Got a crude trident
 90055 | Depths:2 | Escaped the Abyss
 90062 | Depths:2 | Identified the cursed +0 trident "Ultimatum" {venom, Int+2}
                  | (You found it on level 1 of the Abyss)
 90100 | Depths:2 | Voluntarily entered the Abyss.
 90104 | Abyss:1  | Found a corrupted altar of Lugonu.
 90137 | Abyss:1  | Found a sparkling altar of Nemelex Xobeh.
 90270 | Depths:2 | Escaped the Abyss
 90275 | Depths:2 | Learned a level 2 spell: Blink
 90383 | Zot:1    | Entered Level 1 of the Realm of Zot
 91935 | Zot:2    | Received a gift from Okawaru
 92962 | Zot:2    | Noticed an orb of fire
 92975 | Zot:2    | Gained mutation: You expend magic power (3 MP) to
                  | strengthen your wands. [an orb of fire]
 93018 | Zot:2    | Gained mutation: Your body sometimes deteriorates upon
                  | taking damage. [an orb of fire]
 93025 | Zot:2    | Killed an orb of fire
 93025 | Zot:2    | Received a gift from Okawaru
 93650 | Depths:2 | Voluntarily entered the Abyss.
 93730 | Abyss:1  | Found a corrupted altar of Lugonu.
 93963 | Abyss:3  | Lost mutation: Your magical capacity is low. (-10% MP) [a
                  | neqoxec]
 94441 | Abyss:4  | Learned a level 1 spell: Apportation
 94468 | Abyss:5  | Entered Level 5 of the Abyss
 94596 | Abyss:5  | Found a glowing golden altar of the Shining One.
 94596 | Abyss:5  | Found a shattered altar of Ashenzari.
 94596 | Abyss:5  | Found a basalt altar of Yredelemnul.
 94597 | Abyss:5  | Found an ornate altar of the Wu Jian Council.
 94597 | Abyss:5  | Found a burning altar of Makhleb.
 94597 | Abyss:5  | Found a blossoming altar of Fedhas.
 94597 | Abyss:5  | Found a white marble altar of Elyvilon.
 94599 | Abyss:5  | Found a radiant altar of Vehumet.
 94599 | Abyss:5  | Found a deep blue altar of Sif Muna.
 94599 | Abyss:5  | Found a shimmering altar of Xom.
 94601 | Abyss:5  | Found a hide-covered altar of Uskayaw.
 94629 | Abyss:5  | Found a shattered altar of Ashenzari.
 94634 | Abyss:5  | Found a sparkling altar of Nemelex Xobeh.
 94634 | Abyss:5  | Found a stormy altar of Qazlal.
 94634 | Abyss:5  | Found an ancient bone altar of Kikubaaqudgha.
 94636 | Abyss:5  | Found an opulent altar of Gozag.
 94636 | Abyss:5  | Found an iron altar of Okawaru.
 94636 | Abyss:5  | Found a hazy altar of Hepliaklqana.
 94636 | Abyss:5  | Found a glowing silver altar of Zin.
 94638 | Abyss:5  | Found a glowing silver altar of Zin.
 94638 | Abyss:5  | Found a bloodstained altar of Trog.
 94638 | Abyss:5  | Found a shadowy altar of Dithmenos.
 94647 | Abyss:5  | Found a burning altar of Makhleb.
 94647 | Abyss:5  | Found a blossoming altar of Fedhas.
 94672 | Abyss:5  | Found a white marble altar of Elyvilon.
 94679 | Abyss:5  | Found a bloodstained altar of Trog.
 94710 | Abyss:5  | Found a sparkling altar of Nemelex Xobeh.
 94725 | Abyss:5  | Found a shimmering altar of Xom.
 94812 | Depths:2 | Escaped the Abyss
 95247 | Orc:2    | Bought a polished trident for 212 gold pieces
 95247 | Orc:2    | Identified the +12 trident of Valour {flame, rC+ Dex+2}
                  | (You bought it in a shop on level 2 of the Orcish Mines)
 95869 | Vaults:4 | Bought a scroll of fog for 40 gold pieces
 95869 | Vaults:4 | Bought a scroll of fear for 70 gold pieces
 95869 | Vaults:4 | Bought a scroll of enchant armour for 150 gold pieces
 96077 | Elf:1    | Bought 2 scrolls of enchant armour for 150 gold pieces
 96077 | Elf:1    | Bought a scroll of teleportation for 30 gold pieces
 96077 | Elf:1    | Bought a scroll of fog for 20 gold pieces
 96077 | Elf:1    | Bought a scroll of silence for 75 gold pieces
 96306 | Hell     | Entered the Vestibule of Hell
 96308 | Hell     | Noticed Geryon
 96408 | Hell     | Killed Geryon
 96408 | Hell     | Received a gift from Okawaru
 96578 | Vaults:2 | You paid a toll of the horn of Geryon to enter a treasure
                  | trove
 96579 | Trove    | Entered a treasure trove
 97454 | Hell     | Found a gateway to the decaying netherworld of Tartarus.
 97601 | Hell     | Found a gateway to the freezing wastes of Cocytus.
 97797 | Hell     | Found a gateway to the Iron City of Dis.
 97861 | Hell     | Found a gateway to the ashen valley of Gehenna.
 99256 | Zot:4    | Received a gift from Okawaru
 99622 | Zot:4    | Noticed an orb of fire
 99630 | Zot:4    | Gained mutation: Your spells are a little easier to cast,
                  | but a little less powerful. [an orb of fire]
 99635 | Zot:4    | Killed an orb of fire
 99811 | Zot:4    | Received a gift from Okawaru
100071 | Zot:5    | Entered Level 5 of the Realm of Zot
100592 | Zot:5    | Received a gift from Okawaru
100594 | Zot:5    | Identified the +8 crystal plate armour of the Moon Troll
                  | {rC- Str+8} (Okawaru gifted it to you on level 5 of the
                  | Realm of Zot)
100709 | Zot:5    | Noticed an ancient lich
100720 | Zot:5    | Killed an ancient lich
100722 | Zot:5    | Noticed an ancient lich
100733 | Zot:5    | Killed an ancient lich
100861 | Zot:5    | Noticed an ancient lich
100861 | Zot:5    | Noticed an ancient lich
100872 | Zot:5    | Killed an ancient lich
100879 | Zot:5    | Noticed an orb of fire
100881 | Zot:5    | Killed an ancient lich
100887 | Zot:5    | Gained mutation: You tend to lose your temper in combat.
                  | [an orb of fire]
100895 | Zot:5    | Noticed an ancient lich
100895 | Zot:5    | Gained mutation: You are frail. (-10% HP) [an orb of fire]
100896 | Zot:5    | Gained mutation: Your magical capacity is low. (-10% MP)
                  | [an orb of fire]
101223 | Zot:5    | Lost mutation: You expend magic power (3 MP) to strengthen
                  | your wands. [potion of mutation]
101223 | Zot:5    | Lost mutation: You tend to lose your temper in combat.
                  | [potion of mutation]
101223 | Zot:5    | Gained mutation: You are agile. (Dex +2) [potion of
                  | mutation]
101223 | Zot:5    | Lost mutation: You are frail. (-10% HP) [potion of
                  | mutation]
101389 | Zot:5    | Killed an ancient lich
101423 | Zot:5    | Killed an orb of fire
101786 | Zot:5    | Received a gift from Okawaru
102161 | Zot:5    | Got the Orb of Zot
102755 | D:$      | Escaped with the Orb!

Skill      XL: |  1  2  3  4  5  6  7  8  9 10 11 12 13 14 15 16 17 18 19 20 21 22 23 24 25 26 27 |
---------------+----------------------------------------------------------------------------------+-----
Shields        | 3 4 5 6 7 9 10 11 12 13 15 18 19 20 25 | 25.0
Armour         | 3 4 5 6 7 8 9 10 11 13 14 15 17 19 22 | 22.0
Short Blades   | 1 2 3 |  3.8
Fighting       | 4 5 6 7 8 9 10 11 12 14 15 17 19 22 25 | 25.2
Polearms       | 3 5 6 8 9 11 12 15 | 15.7
Dodging        | 2 3 4 6 8 10 11 15 17 19 22 | 22.0
Invocations    | 4 5 6 8 9 10 12 13 | 13.0
Stealth        | 8 14 | 14.6
Axes           | |  1.9

Action                   |  1- 3 |  4- 6 |  7- 9 | 10-12 | 13-15 | 16-18 | 19-21 | 22-24 | 25-27 || total
-------------------------+-------+-------+-------+-------+-------+-------+-------+-------+-------++-------
Melee: War axe           |   139 |       |       |       |       |       |       |       |       ||   139
       Hand axe          |       |    19 |       |       |       |       |       |       |       ||    19
       Dagger            |       |   152 |       |       |       |       |       |       |       ||   152
       Headbutt          |       |    46 |    76 |   187 |   513 |   523 |   488 |   864 |  1813 ||  4510
       Rapier            |       |     9 |    79 |       |       |       |       |       |       ||    88
       Spear             |       |       |   288 |  1007 |  2617 |  2967 |  2557 |  3773 |  6409 || 19618
       Demon trident     |       |       |       |       |       |       |       |       |  1076 ||  1076
Invok: Heroism           |       |       |     1 |     5 |     7 |     2 |     7 |     6 |    15 ||    43
       Finesse           |       |       |       |     1 |     2 |     1 |     3 |       |     9 ||    16
Evoke: Wand              |       |       |     1 |     5 |     1 |     6 |       |     3 |     6 ||    22
       Phantom mirror    |       |       |       |       |       |       |       |       |     1 ||     1
  Use: Scroll            |     6 |     2 |     7 |     9 |     9 |     5 |     3 |     6 |    34 ||    81
       Potion            |       |     2 |     1 |       |     2 |     5 |     1 |     7 |     9 ||    27
 Stab: Petrified         |       |       |       |       |    25 |       |       |       |       ||    25
       Petrifying        |       |       |       |       |     3 |     1 |       |       |       ||     4
       Distracted        |       |       |       |       |       |     7 |     6 |     4 |    81 ||    98
       Sleeping          |       |       |       |       |       |    10 |    82 |    84 |    56 ||   232
       Confused          |       |       |       |       |       |       |       |       |     1 ||     1
  Eat: Chunk             |     3 |     5 |    22 |    24 |    51 |    49 |    29 |    33 |    46 ||   262
       Ration            |       |       |       |       |       |     1 |       |     4 |    17 ||    22
Armor: Scale mail        |    38 |       |       |       |       |       |       |       |       ||    38
       Plate armour      |    37 |   145 |   148 |   207 |   342 |       |       |       |       ||   879
       Chain mail        |       |       |       |       |    14 |   392 |       |       |       ||   406
       Shadow dragon sca |       |       |       |       |       |    45 |   291 |   525 |   645 ||  1506
       Gold dragon scale |       |       |       |       |       |       |       |       |   382 ||   382
Dodge: Dodged            |    30 |    30 |    59 |    98 |   256 |   376 |   257 |   547 |  1444 ||  3097
Block: Shield            |    83 |    97 |   174 |   237 |   538 |   302 |       |       |       ||  1431
       Large shield      |       |       |       |       |       |   506 |   818 |  1611 |  3368 ||  6303
       Reflection        |       |       |       |       |       |       |       |       |    21 ||    21
